AoeStats
← Tomachela

Oasis

509746917Analyzed
2v2 RM · 5d ago on Sep 27, 2026· 34m 39s· 4 players
Game mode
Random Map
Map size
Medium (4 player)
Population
200
Speed
Normal
Resources
Standard
Victory
Conquest
Starting age
Dark Age
Ending age
Imperial Age
RankedLock teamsTeams togetherTeam positionsShared explorationLock speedFull tech treeHidden civsTurbo modeCheats
Victory
Defeat
🇨🇴 Franks · Colombia
1016
+15
🇦🇹 Mongols · Austria
1006
+15
🇨🇱 Japanese · Chile
1013
-16
🇨🇱 Franks · Chile
962
-14
Pollo
8:22 Loom
11:11 Feudal Age
11:47 Horse Collar
12:26 Double-Bit Axe
17:47 Castle Age
16:16 Padded Archer Armor
19:18 Gold Mining
21:47 Leather Archer Armor
22:35 Pikeman
25:41 Ballistics
25:39 Squires
25:25 Gambesons
26:55 Fletching
Tomachela
2:43 Loom
6:29 Loom
11:49 Feudal Age
14:09 Double-Bit Axe
23:15 Castle Age
24:10 Husbandry
24:11 Gold Mining
24:14 Stone Mining
24:10 Pikeman
26:51 Scale Barding Armor
26:58 Forging
26:52 Scale Mail Armor
27:24 Bow Saw
DeadpanFox71524
7:21 Loom
10:53 Feudal Age
11:35 Double-Bit Axe
15:29 Forging
21:37 Castle Age
20:16 Scale Barding Armor
20:43 Fletching
22:31 Wheelbarrow
23:24 Bow Saw
24:46 Husbandry
25:31 Town Watch
27:55 Hand Cart
37:01 Imperial Age
35:30 Iron Casting
34:56 Scale Mail Armor
35:11 Town Patrol
lord_joshi
5:13 Loom
9:53 Feudal Age
10:51 Double-Bit Axe
11:00 Horse Collar
14:48 Gold Mining
19:42 Castle Age
18:15 Stone Mining
19:01 Fletching
19:45 Bloodlines
20:07 Padded Archer Armor
21:27 Bow Saw
21:55 Heavy Plow
22:41 Bodkin Arrow
23:59 Fervor
24:53 Husbandry
25:02 Thumb Ring
27:27 Leather Archer Armor
27:45 Ballistics
28:17 Wheelbarrow
34:49 Imperial Age
32:21 Nomads
32:43 Masonry
32:42 Murder Holes
32:58 Scale Barding Armor
35:20 Hand Cart
Connection lost

Rejoining the realm…

Still unreachable

The connection could not be restored.

Session expired

The server has moved on; the page needs a fresh start.